 Dungeon Crawl Stone Soup version 0.28.0-53-g5a82cb258f (webtiles) character file.

Game seed: 11941945739966727672

1496 Kropotin the Covert (level 8, 0/36 HPs)
             Began as a Spriggan Enchanter on Aug 5, 2022.
             Slain by an ice beast (5 damage)
             ... on level 5 of the Dungeon.
             The game lasted 00:25:05 (6223 turns).

Kropotin the Covert (Spriggan Enchanter)            Turns: 6223, Time: 00:25:06

Health: 0/36       AC:  3    Str:  4    XL:     8   Next: 51%
Magic:  23/25      EV: 19    Int: 18    God:
Gold:   259        SH:  0    Dex: 16    Spells: 6/17 levels left

rFire   . . .      SeeInvis +   a - +1 dagger
rCold   . . .      Faith    .   (no shield)
rNeg    . . .      Spirit   .   b - +0 robe
rPois   .          Reflect  .   (helmet restricted)
rElec   .          Harm     .   q - +0 cloak
rCorr   .          Rampage  .   (gloves unavailable)
Will    +....                   (boots unavailable)
Stlth   +++++.....              (no amulet)
HPRegen 0.12/turn               i - ring of magical power
MPRegen 0.19/turn               (no ring)

@: very quick
A: very small, no large weapons, unfitting armour, see invisible, speed 3
a: no special abilities


You were on level 5 of the Dungeon.
You visited 1 branch of the dungeon, and saw 6 of its levels.

You collected 259 gold pieces.

Inventory:

Hand Weapons
 a - a +1 dagger (weapon)
 A - a +2 flail of draining
 B - a +0 shortbow
Missiles
 f - 119 stones
 h - 86 arrows
 n - 15 sling bullets
 r - 6 poisoned darts
 y - 2 curare-tipped darts
Armour
 b - a +0 robe (worn)
 q - a +0 cloak (worn)
Jewellery
 i - a ring of magical power (left hand)
Scrolls
 d - 3 scrolls of vulnerability {unknown}
 e - a scroll of torment {unknown}
 g - 3 scrolls of amnesia {unknown}
 j - a scroll of fog {unknown}
 m - a scroll of enchant weapon {unknown}
 t - a scroll of silence {unknown}
 u - a scroll of identify {unknown}
 w - a scroll of blinking {unknown}
 x - a scroll of noise {unknown}
 C - a scroll of teleportation {unknown}
Potions
 c - a potion of invisibility
 k - 4 potions of ambrosia {unknown}
 l - a potion of curing {unknown}
 o - a potion of cancellation {unknown}
 p - a potion of flight {unknown}
 s - a potion of mutation {unknown}
 v - a potion of lignification {unknown}
 z - a potion of heal wounds {unknown}
 D - 2 potions of might {unknown}


   Skills:
 + Level 0.3 Fighting
 + Level 2.3 Short Blades
 - Level 5.0 Dodging
 + Level 12.1 Stealth
 + Level 5.1 Spellcasting
 + Level 7.3 Hexes
 - Level 1.0 Ice Magic


You had 6 spell levels left.
You knew the following spells:

 Your Spells              Type           Power      Damage    Failure   Level
a - Ensorcelled Hibernat  Hex/Ice        38%        N/A       3%          2
b - Tukima's Dance        Hex            31%        N/A       1%          3
c - Confusing Touch       Hex            31%        N/A       1%          3
d - Dazzling Flash        Conj/Hex       34%        N/A       9%          3

Your spell library contained the following spells:

 Spells                   Type           Power      Damage    Failure   Level
 Summon Guardian Golem    Hex/Summ       17%        N/A       9%          3
 Summon Small Mammal      Summ           16%        N/A       13%         1
 Static Discharge         Conj/Air       4%         N/A       21%         2
 Call Canine Familiar     Summ           4%         N/A       36%         3
 Gell's Gravitas          Tloc           4%         N/A       36%         3
 Teleport Other           Tloc           4%         N/A       36%         3
 Lightning Bolt           Conj/Air       2%         1d13      98%         5
 Dispersal                Tloc           2%         N/A       100%        6
 Maxwell's Capacitive Co  Air            2%         ∞         100%        8


Dungeon Overview and Level Annotations

Branches:
Dungeon (6/15)
 Temple: D:4-7

Altars:
Dithmenos

Annotations:
D:5 Dowan, Duvessa


Innate Abilities, Weirdness & Mutations

You are very small and have problems with some larger weapons.
You are too small for most types of armour.
You have supernaturally acute eyesight. (SInv)
You cover ground extremely quickly. (Speed+++)


Message History

Confirm with . or Enter, or press ? or * to list all spells.
Aiming: Ensorcelled Hibernation (safe; 3% risk of failure)
Press: ? - help, Shift-Dir - straight line, f - orc
Aim: an orc, wielding a +0 short sword (lightly wounded, chance to affect: 69%)
The orc struggles to resist.
The orc completely misses you.
Casting: Ensorcelled Hibernation (safe; 3% risk of failure)
Confirm with . or Enter, or press ? or * to list all spells.
Aiming: Ensorcelled Hibernation (safe; 3% risk of failure)
Press: ? - help, Shift-Dir - straight line, f/p - orc
Aim: an orc, wielding a +0 short sword (lightly wounded, chance to affect: 69%)
The orc looks drowsy...
The helpless orc fails to defend itself.
You stick the orc like a pincushion!!!
You kill the orc!
Things that are here:
a +0 short sword; an orc corpse
Things that are here:
a +0 dagger; a +0 cloak; an orc corpse
There is a stone staircase leading down here.
You start resting.
Magic restored.
You start resting.
HP restored.
You climb downwards.
The ogre barely misses you.
There is a stone staircase leading up here.
Casting: Ensorcelled Hibernation (safe; 3% risk of failure)
Confirm with . or Enter, or press ? or * to list all spells.
Aiming: Ensorcelled Hibernation (safe; 3% risk of failure)
Press: ? - help, Shift-Dir - straight line, f - ogre
Aim: an ogre, wielding a +0 giant club (chance to affect: 51%)
The ogre resists with some effort.
The ogre hits you with a +0 giant club! The ice beast misses you.
The ogre hits you with a +0 giant club!
* * * LOW HITPOINT WARNING * * *
You climb upwards.
Level annotation: Dowan, Duvessa
There is a stone staircase leading down here.
The ice beast hits you.
* * * LOW HITPOINT WARNING * * *
The ice beast freezes you.
You die...

####.............######...e......
###............# ........
#..........#.### ....?..
#.)........#...# .$....
#<#.).....####.# ##...# #
#.##.....## #.#######..# ###
#.>####)######...##....##
..####..####...#...##.#..#..#
.........##..[).@.O.#...##.######
#..##..#.#.))<...Y>.............#
##.##..#.#.....[.....#####.####..
#.##..#.#...........#####.# ##.
#.###†#...................# #.
#.###..##..........######## ##
#........#.###..#..#
###.####.#........##
####..###...###..################


You could see an ice beast and an ogre.

Vanquished Creatures
  2 water moccasins (D:5)
  A necrophage (D:4)
  A black bear (D:3)
  2 ogres
  2 centaurs (D:5)
  A phantom (D:5)
  A scorpion (D:4)
  A water moccasin skeleton (D:5)
  2 bullfrog zombies (D:5)
  3 hounds
  A jelly (D:4)
  4 orc priests
  2 iguanas (D:4)
  Terence (D:2)
  2 orc wizards
  4 adders
  A shadow imp (D:5)
  2 worms
  2 dart slugs
  23 orcs
  6 ball pythons
  11 bats
  7 endoplasms
  2 giant cockroaches
  6 goblins
  6 hobgoblins
  6 jackals
  4 kobolds
  4 quokkas
  5 frilled lizards
  7 rats
122 creatures vanquished.

Vanquished Creatures (collateral kills)
  An orc (D:5)
1 creature vanquished.

Vanquished Creatures (others)
  2 dancing weapons
2 creatures vanquished.

Grand Total: 125 creatures vanquished

Notes
Turn   | Place    | Note
-------+----------+-------------------------------------------
     0 | D:1      | Kropotin the Spriggan Enchanter began the quest for the
                  | Orb.
     0 | D:1      | Reached XP level 1. HP: 9/9 MP: 5/5
   414 | D:1      | Reached XP level 2. HP: 10/13 MP: 6/6
   939 | D:1      | Learned a level 2 spell: Ensorcelled Hibernation
  1215 | D:1      | Found a faded altar of an unknown god.
  1453 | D:2      | Reached XP level 3. HP: 16/16 MP: 8/8
  1630 | D:2      | Noticed Terence
  1634 | D:2      | Killed Terence
  1635 | D:2      | Reached skill level 5 in Stealth
  1712 | D:2      | Reached XP level 4. HP: 16/21 MP: 10/10
  1897 | D:3      | Learned a level 3 spell: Confusing Touch
  1901 | D:3      | Learned a level 3 spell: Tukima's Dance
  2132 | D:3      | Noticed a black bear
  2171 | D:3      | Killed a black bear
  2172 | D:3      | Reached skill level 6 in Stealth
  2172 | D:3      | Reached XP level 5. HP: 24/24 MP: 4/11
  3247 | D:4      | Noticed an ogre
  3563 | D:4      | Killed an ogre
  3564 | D:4      | Reached skill level 7 in Stealth
  3564 | D:4      | Reached XP level 6. HP: 28/28 MP: 10/13
  3593 | D:4      | Reached skill level 5 in Hexes
  4043 | D:4      | Reached skill level 1 in Ice Magic
  4085 | D:4      | Reached skill level 5 in Dodging
  4085 | D:4      | Reached skill level 8 in Stealth
  4085 | D:4      | Reached XP level 7. HP: 32/32 MP: 1/14
  4095 | D:4      | Learned a level 3 spell: Dazzling Flash
  4763 | D:5      | Entered Level 5 of the Dungeon
  4772 | D:5      | Reached skill level 9 in Stealth
  4772 | D:5      | Reached skill level 5 in Spellcasting
  5198 | D:5      | Reached skill level 10 in Stealth
  5303 | D:5      | Noticed Duvessa
  5303 | D:5      | Noticed Dowan
  5357 | D:5      | Reached XP level 8. HP: 36/36 MP: 16/16
  5384 | D:5      | Reached skill level 11 in Stealth
  5467 | D:5      | Found a shadowy altar of Dithmenos.
  5502 | D:5      | Reached skill level 12 in Stealth
  6223 | D:5      | Slain by an ice beast

Illustrated notes

Levels and vault maps discovered:
D:1:      minmay_arrival_wavy_path, layout_rooms, ebering_ecumenical_altar_hall
D:2:      layout_rooms, uniq_terence
D:3:      layout_loops_ring, serial_co_window_serial, co_window_paths_b,
          co_window_of_opportunity_a, co_window_of_opportunity_a,
          co_window_of_opportunity_a, co_window_paths_b, co_window_corner_b,
          co_window_of_opportunity_b, co_window_2corner, co_window_4corner_b,
          co_window_4corner_a, glass_columns_a, glass_columns_a,
          glass_columns_a, minmay_three_crescents
D:4:      layout_cave_pools, minmay_fractal_squares_diagonal_5
D:5:      layout_rooms, grunt_dithmenos_smoke_and_mirrors, uniq_duvessa
D:6:      layout_cave_pools, minmay_temple_entry_wispy, serial_shops,
          shop_statue

Skill      XL: |  1  2  3  4  5  6  7  8 |
---------------+-------------------------+-----
Dodging        | 3 4 5 |  5.0
Spellcasting   | 3 4 5 |  5.1
Hexes          | 4 5 6 7 |  7.3
Short Blades   | 2 |  2.3
Stealth        | 5 6 7 8 10 12 | 12.1
Ice Magic      | 1 |  1.0
Fighting       | |  0.3

Action                   |  1- 3 |  4- 6 |  7- 9 || total
-------------------------+-------+-------+-------++-------
Melee: Dagger            |   157 |   130 |   104 ||   391
       Punch             |     2 |     2 |     1 ||     5
Throw: Stone             |     1 |       |       ||     1
       Dart              |       |     2 |       ||     2
 Cast: Ensorcelled Hiber |     9 |    48 |    46 ||   103
       Tukima's Dance    |       |     2 |     3 ||     5
       Confusing Touch   |       |     3 |     5 ||     8
       Dazzling Flash    |       |       |     4 ||     4
 Stab: Sleeping          |     9 |    38 |    24 ||    71
       Distracted        |     2 |       |       ||     2
       Confused          |       |     2 |     3 ||     5
       Invisible         |       |       |     4 ||     4
Armor: Robe              |    22 |    17 |     9 ||    48
Dodge: Dodged            |   171 |   120 |   109 ||   400
